Map: Pylon LE

Players

JaddNS

  • Race: Zerg Zerg
  • League: Diamond
  • Spawn Location: 5:00

ManlyManMeat - Winner!

  • Race: Zerg Zerg
  • League: Diamond
  • Spawn Location: 11:00

VOD

Have the link to the VOD?

Description

Time

  • Played on: July 10, 2025, 10:18 a.m.
  • Length: 4:02
Show
View Real Time Build Order
Export as new Build Order

JaddNS Zerg 

Build Orders: Hatch First 

Get SALT Encoding   

  12  0:00  Drone  
  13  0:12  Overlord  
  13  0:17  Drone  
  14  0:32  Drone x2  
  16  0:48  Hatchery  
  15  0:52  Drone  
  15  0:54  Drone  
  17  0:58  Drone  
  18  1:08  Extractor  
  17  1:14  Spawning Pool  
  17  1:17  Drone  
  17  1:20  Drone  
  18  1:28  Drone  
  19  1:38  Drone  
  20  1:51  Overlord  
  20  2:01  Drone  
  20  2:05  Queen  
  20  2:07  Queen  
  25  2:11  Baneling Nest  
  25  2:13  Drone  
  25  2:20  Overlord, Extractor  
  24  2:24  Drone  
  24  2:29  Zergling x2  
  26  2:30  Zergling x2  
  27  2:41  Zergling x4  
  29  2:52  Drone x2  
  31  3:04  Queen  
  31  3:09  Baneling x2  
  31  3:10  Drone  
  31  3:11  Drone x3  
  35  3:19  Roach Warren  
  34  3:23  Drone  
  35  3:37  Evolution Chamber  
  35  3:39  Evolution Chamber  
  32  3:42  Zergling x4  
  32  3:43  Zergling x6  
Show
View Real Time Build Order
Export as new Build Order

ManlyManMeat Zerg - Winner!

Build Orders: Hatch First 

Get SALT Encoding   

  12  0:00  Drone  
  13  0:08  Drone  
  14  0:14  Extractor  
  14  0:15  Drone  
  15  0:21  Overlord  
  15  0:40  Drone  
  16  0:48  Hatchery  
  16  0:50  Drone  
  16  0:54  Drone  
  16  0:56  Drone  
  18  1:08  Extractor  
  17  1:13  Spawning Pool  
  17  1:16  Drone  
  17  1:19  Drone  
  18  1:26  Drone  
  19  1:38  Drone  
  20  2:00  Queen x2  
  24  2:01  Zergling x4  
  24  2:04  Overlord  
  24  2:08  Metabolic Boost  
  26  2:11  Drone  
  26  2:13  Drone  
  28  2:22  Overlord  
  28  2:30  Baneling Nest  
  28  2:32  Drone x2  
  29  2:45  Zergling x4  
  29  2:46  Zergling x2  
  32  2:54  Zergling x4  
  34  3:04  Zergling x4  
  35  3:09  Hatchery  
  34  3:18  Baneling x2  
  34  3:20  Baneling x3  
  34  3:23  Zergling x6  
  37  3:27  Drone  
  37  3:28  Drone  
Tags
 
Matchup
ZvZ
Race
Zerg
Replay Pack
Myownreplay2
Spawn Locations
Cross Positions
Add a new tag
Caveats
  • Supply blocks, unpowered buildings, or Contaminate may cause inaccurate times.
  • Supply counts are checked every 10 seconds.